 Dungeon Crawl Stone Soup version 0.18-a0-1405-g73f4075 (webtiles) character file.

4075 gorblad the Warrior (level 10, -1/108 HPs)
             Began as a Minotaur Fighter on Feb 25, 2016.
             Was a Believer of Dithmenos.
             Succumbed to a guardian serpent's bolt of poison
             ... on level 3 of the Abyss.
             The game lasted 00:15:12 (8354 turns).

gorblad the Warrior (Minotaur Fighter)              Turns: 8354, Time: 00:15:13

Health: -1/108     AC: 16    Str: 23    XL:     10   Next: 5%
Magic:  18/18      EV:  4    Int:  1    God:    Dithmenos [**....]
Gold:   434        SH: 10    Dex:  6    Spells: 0 memorised, 9 levels left

rFire  . . .     SeeInvis .     a - +2 trident
rCold  + . .     Gourm    .     y - +0 plate armour
rNeg   . . .     Faith    .     c - +1 shield
rPois  .         Spirit   .     (helmet restricted)
rElec  .         Dismiss  .     (no cloak)
rCorr  .         Reflect  .     z - +2 pair of gloves
SustAt .         Harm     .     G - +1 pair of boots
MR     .....                    (no amulet)
Stlth  ..........               m - +3 ring of strength
                                K - ring "Mauluor" {rC+ MP+9}

@: lethally poisoned (-1 -> -21), very slightly contaminated, wreathed by umbra,
not resistant to hostile enchantments, extremely unstealthy
A: retaliatory headbutt, horns 2, blurry vision 2, clumsy 2, dopey 2, screaming
2, slow regeneration 2, weak 2, subdued magic 2, MP-powered wands
a: Shadow Step, Renounce Religion


You were on level 3 of the Abyss.
You worshipped Dithmenos.
Dithmenos was pleased with you.
You were hungry.

You visited 2 branches of the dungeon, and saw 10 of its levels.
You visited the Abyss 1 time.

You collected 434 gold pieces.

Inventory:

Hand Weapons
 a - a +2 trident (weapon)
Armour
 c - a +1 shield (worn)
 y - a +0 plate armour (worn)
 z - a +2 pair of gloves (worn)
 A - a +0 pair of gloves
 G - a +1 pair of boots (worn)
Jewellery
 m - a +3 ring of strength (right hand)
 o - an uncursed ring of fire
 p - an uncursed amulet of dismissal
 q - an uncursed ring of positive energy
 r - an uncursed ring of ice
 J - a cursed amulet of rage
 K - the ring "Mauluor" (left hand) {rC+ MP+9}
   (You found it on level 8 of the Dungeon)

   [ring of magical power]

   It protects you from cold.
   It affects your magic capacity (+9).
Wands
 b - a wand of iceblast (7/15)
 I - a wand of digging (11/24)
 O - a wand of enslavement (21/24)
Scrolls
 h - 2 scrolls of magic mapping
 n - a scroll of remove curse
 u - 3 scrolls of fog
 w - a scroll of teleportation
 x - a scroll of recharging
 C - a scroll of fear
 P - a scroll of identify
Potions
 d - 2 potions of might
 e - a potion of lignification
 g - a potion of cancellation
 i - a potion of brilliance
 l - a potion of cure mutation
 t - a potion of haste
 E - a potion of agility
 F - a potion of mutation
Books
 D - a book of the Earth

   Spells                             Type                      Level
   a - Leda's Liquefaction            Hexes/Earth                  4
   b - Bolt of Magma                  Conjuration/Fire/Earth       5
   c - Statue Form                    Transmutation/Earth          6
   d - Iron Shot                      Conjuration/Earth            6
   e - Shatter                        Earth                        9
 H - a book of Envenomations

   Spells                             Type                      Level
   a - Spider Form                    Transmutation/Poison         3
   b - Olgreb's Toxic Radiance        Poison                       4
   c - Alistair's Intoxication        Transmutation/Poison         5
   d - Poisonous Cloud                Conjuration/Poison/Air       6
 N - a book of Beasts

   Spells                             Type                      Level
   a - Summon Butterflies             Summoning                    1
   b - Call Canine Familiar           Summoning                    3
   c - Summon Ice Beast               Ice/Summoning                4
   d - Summon Mana Viper              Hexes/Summoning              5
   e - Summon Hydra                   Summoning                    7
Comestibles
 f - 7 bread rations
 j - 2 royal jellies
 k - 3 meat rations
 s - 5 fruits
 v - 10 slices of pizza
 M - 2 beef jerkies


   Skills:
 + Level 16.3 Fighting
 - Level 2.5 Polearms
 - Level 3.6 Armour
 - Level 0.7 Dodging
 - Level 0.5 Stealth
 - Level 3.8 Shields


You had 9 spell levels left.
You didn't know any spells.

Dungeon Overview and Level Annotations

Branches:
Dungeon (9/15)             Temple (1/1) D:4            Lair (0/8) D:8
    Orc: D:9-12

Altars:
Ashenzari
Cheibriados
Dithmenos
Elyvilon
Fedhas
Gozag
Kikubaaqudgha
Makhleb
Nemelex Xobeh
Okawaru
Pakellas
Qazlal
Ru
Sif Muna
Trog
Vehumet
Xom
Yredelemnul
Zin
The Shining One

Shops:
D:7 (   D:9 (

Annotations:
D:9 Erolcha


Innate Abilities, Weirdness & Mutations

You reflexively headbutt those who attack you in melee.
You have a pair of horns on your head.
[Scrolls take you longer to read.]
[You are very clumsy. (Dex -4)]
[You are very dopey. (Int -4)]
[You sometimes yell uncontrollably at your foes.]
[You do not regenerate naturally when monsters are visible.]
[You are very weak. (Str -4)]
[Your spells are easier to cast, but less powerful.]
[You expend magic power (3 MP) to strengthen your wands.]


Message History

A naga warrior comes into view. It is wielding a hand axe.
All of the chunks of flesh in your inventory have rotted away.
A tentacled starspawn comes into view.
A tentacle flies out from the starspawn's body!
A guardian serpent and a starspawn tentacle come into view.
The starspawn tentacle grabs you.
* * * LOW HITPOINT WARNING * * *
The starspawn tentacle constricts you.
You yell at the starspawn tentacle!
A starspawn tentacle comes into view.
You escape the starspawn tentacle's grasp.
You hear a shout! x3
The guardian serpent casts a spell at you.
The bolt of poison hits you!
You are lethally poisoned!
* * * LOW HITPOINT WARNING * * *
A tentacle flies out from the starspawn's body!
A starspawn tentacle comes into view.
You yell at the starspawn tentacle!
You die...

.###.#
....#.## ##.
.......# ## .
# #..# ##
#.......#....#
#. .
.##.#...###
.###. ##
.#...# .##
..###.#### ##N
#.##.S..# .
#..@..#
###...# #w#.##
..#\.# #.##.\#
#.# ...X
#...#.#w.
.##### ..# #
##.


You could see a tentacled starspawn, a guardian serpent and 2 starspawn
tentacles.

Vanquished Creatures
  An unseen horror (D:8)
  An elephant (D:8)
  A troll (D:9)
  A human (D:7)
  A large abomination (Abyss:2)
  A hippogriff (D:7)
  A chaos spawn (Abyss:2)
  A phantom (D:4)
  A black bear (D:8)
  2 necrophages
  An ogre (D:9)
  2 crocodiles (D:8)
  3 centaurs
  4 giant frogs
  A scorpion (D:6)
  6 killer bees (D:8)
  5 crimson imps
  2 hounds (D:7)
  A jelly (D:5)
  5 orc wizards
  2 centaur skeletons (D:4)
  3 orc priests
  2 giant frog skeletons (D:6)
  An iguana (D:6)
  5 worker ants
  Terence (D:2)
  4 sheep (D:7)
  A howler monkey skeleton (D:5)
  6 adders
  11 gnolls
  2 shadow imps
  An ufetubus (Abyss:2)
  2 oozes
  3 worms
  5 giant geckos
  23 orcs
  5 giant cockroaches
  8 goblins
  8 hobgoblins
  3 jackals (D:7)
  8 kobolds
  5 quokkas
  2 ball pythons (D:1)
  A ball python skeleton (D:5)
  9 bats
  A giant gecko skeleton (D:5)
  8 giant newts
  A quokka skeleton (D:8)
  5 rats
177 creatures vanquished.

Vanquished Creatures (others)
  A fungus (D:8)
  A starspawn tentacle (Abyss:3)
  7 starspawn tentacle segments (Abyss:3)
9 creatures vanquished.

Grand Total: 186 creatures vanquished

Notes
Turn   | Place    | Note
--------------------------------------------------------------
     0 | D:1      | gorblad the Minotaur Fighter began the quest for the Orb.
     0 | D:1      | Reached XP level 1. HP: 19/19 MP: 0/0
   127 | D:1      | Reached XP level 2. HP: 24/27 MP: 1/1
   348 | D:1      | Reached skill level 4 in Fighting
   868 | D:2      | Reached XP level 3. HP: 15/34 MP: 2/2
  1159 | D:2      | Reached skill level 5 in Fighting
  1167 | D:2      | Reached XP level 4. HP: 19/42 MP: 3/3
  1674 | D:2      | Reached skill level 6 in Fighting
  1688 | D:2      | Noticed Terence
  1697 | D:2      | Killed Terence
  1979 | D:3      | Reached XP level 5. HP: 39/51 MP: 4/4
  2853 | D:4      | Reached skill level 7 in Fighting
  2855 | D:4      | Gained mutation: You are agile. (Dex +2) [potion of mutation]
  2855 | D:4      | Gained mutation: Armour fits poorly on your strangely shaped body. [potion of mutation]
  2855 | D:4      | Gained mutation: You evolve. [potion of mutation]
  2893 | D:4      | Lost mutation: Armour fits poorly on your strangely shaped body. [potion of cure mutation]
  2893 | D:4      | Lost mutation: You are agile. (Dex +2) [potion of cure mutation]
  2893 | D:4      | Lost mutation: You evolve. [potion of cure mutation]
  3121 | D:4      | Noticed a phantom
  3133 | D:4      | Killed a phantom
  3133 | D:4      | Reached skill level 8 in Fighting
  3133 | D:4      | Reached XP level 6. HP: 56/62 MP: 5/5
  3146 | D:4      | Found a staircase to the Ecumenical Temple.
  3424 | Temple   | Entered the Ecumenical Temple
  3501 | Temple   | Became a worshipper of Dithmenos the Shadowed
  3557 | D:5      | Entered Level 5 of the Dungeon
  3685 | D:5      | Found a glowing silver altar of Zin.
  3886 | D:5      | Reached skill level 9 in Fighting
  3988 | D:5      | Reached XP level 7. HP: 27/70 MP: 6/6
  4269 | D:5      | Reached * piety under Dithmenos
  4271 | D:5      | Reached skill level 10 in Fighting
  5415 | D:6      | Reached skill level 11 in Fighting
  5776 | D:7      | Noticed a hippogriff
  5782 | D:7      | Reached XP level 8. HP: 75/82 MP: 7/7
  5883 | D:7      | Reached skill level 12 in Fighting
  6028 | D:7      | Found Xoaz Jet's Weapon Shoppe.
  6107 | D:7      | Reached skill level 13 in Fighting
  6332 | D:7      | Reached ** piety under Dithmenos
  6383 | D:7      | Found a shattered altar of Ashenzari.
  6580 | D:8      | Got a vibrating ivory ring
  6642 | D:8      | Reached XP level 9. HP: 91/94 MP: 8/8
  6679 | D:8      | Reached skill level 14 in Fighting
  7171 | D:8      | HP: 4/95 [something (2)]
  7173 | D:8      | Killed an unseen horror
  7174 | D:8      | Reached skill level 15 in Fighting
  7608 | D:8      | Found a staircase to the Lair.
  7608 | D:8      | Noticed an elephant
  7626 | D:8      | Killed an elephant
  7734 | D:8      | Identified the ring "Mauluor" {rC+ MP+9} (You found it on level 8 of the Dungeon)
  8030 | D:9      | Found a shadowy altar of Dithmenos.
  8059 | D:9      | Found Ydan's Antique Weapon Shoppe.
  8078 | D:9      | Noticed a troll
  8082 | D:9      | Reached skill level 16 in Fighting
  8085 | D:9      | Killed a troll
  8161 | D:9      | Noticed Erolcha
  8166 | D:9      | Cast into level 2 of the Abyss (Erolcha)
  8207 | Abyss:2  | Reached XP level 10. HP: 68/107 MP: 9/9
  8266 | Abyss:2  | Noticed a wretched star
  8273 | Abyss:2  | Noticed a bone dragon
  8340 | Abyss:3  | Noticed a naga warrior
  8349 | Abyss:3  | Noticed a tentacled starspawn
  8350 | Abyss:3  | Noticed a guardian serpent
  8353 | Abyss:3  | HP: 1/108 [guardian serpent/bolt of poison (19)]
  8354 | Abyss:3  | Succumbed to a guardian serpent's bolt of poison

Vault maps used:
D:1:      dpeg_arrival_tiny_i, kennysheep_boxes
D:2:      uniq_terence
D:3:      first_bread, feat_on_display
D:4:      minmay_temple_entry_overgrown
D:5:      nicolae_overflow_crystal_walls, hangedman_abyss_or_decor_stabs
D:7:      nicolae_overflow_hidden_temple, serial_shops, shop, grunt_livestock
D:8:      david_lair_generic
D:9:      basic_altar, serial_shops, shop, uniq_erolcha
Temple:   grunt_circular_temple_18

Skill      XL: |  1  2  3  4  5  6  7  8  9 |
---------------+----------------------------+-----
Fighting       | 4 5 6 8 9 11 13 16 | 16.3
Polearms       | |  2.5
Armour         | |  3.6
Dodging        | |  0.7
Stealth        | |  0.5
Shields        | |  3.8

Action                   |  1- 3 |  4- 6 |  7- 9 | 10-12 || total
-------------------------+-------+-------+-------+-------++-------
Melee: Trident           |    94 |   215 |   371 |    19 ||   699
  Use: Scroll            |     7 |    10 |    10 |       ||    27
       Potion            |       |     3 |     2 |     2 ||     7
  Eat: Chunk             |       |     5 |    14 |       ||    19
       Meat ration       |       |     1 |       |       ||     1
